 Dungeon Crawl Stone Soup version 0.28-a0-1629-gf728b707aa (webtiles) character file.

Game seed: 16121884062345316932

60 croobank the Sneak (level 3, -8/17 HPs)
             Began as a Felid Delver on Jan 24, 2022.
             Killed by divine providence
             ... invoked by an orc priest
              (12 damage)
             ... on level 3 of the Dungeon.
             The game lasted 00:06:14 (2608 turns).

croobank the Sneak (Felid Delver)                   Turns: 2608, Time: 00:06:20

Health: -8/17      AC:  1    Str: 10    XL:     3   Next: 80%
Magic:  4/4        EV: 18    Int: 11    God:
Gold:   56         SH:  0    Dex: 17    Spells: 2/2 levels left
                                        Lives:  0   Deaths: 0

rFire   . . .      SeeInvis +     - Unarmed
rCold   . . .      Faith    .   (shield unavailable)
rNeg    . . .      Spirit   .   (armour unavailable)
rPois   .          Reflect  .   (helmet unavailable)
rElec   .          Harm     .   (cloak unavailable)
rCorr   .          Rampage  .   (gloves unavailable)
Will    .....                   (boots unavailable)
Stlth   ++++......              (no amulet)
HPRegen 0.05/turn               (no ring)
MPRegen 0.09/turn               (no ring)

@: quick
A: very small, claws 1, fangs 3, see invisible, speed 1, shaggy fur 1, stealthy
paws, no weapons or thrown items, no armour, multi-lived
a: no special abilities


You were on level 3 of the Dungeon.
You visited 1 branch of the dungeon, and saw 5 of its levels.

You collected 56 gold pieces.

Inventory:

Jewellery
 f - a ring of resist corrosion
Wands
 e - a wand of digging (3)
 k - a wand of iceblast (4)
Scrolls
 a - a scroll of fog
 c - 3 scrolls of fear
 d - a scroll of teleportation {unknown}
 g - a scroll of vulnerability {unknown}
 l - a scroll of torment {unknown}
 m - 3 scrolls of magic mapping
Potions
 b - a potion of degeneration {unknown}
 h - 2 potions of curing
 i - 2 potions of heal wounds {unknown}
 j - a potion of attraction {unknown}
 n - a potion of mutation {unknown}


   Skills:
 + Level 3.5 Fighting
 + Level 3.7 Dodging
 + Level 7.1 Stealth
 + Level 2.6 Unarmed Combat


You had 2 spell levels left.
You didn't know any spells.
Your spell library was empty.

Dungeon Overview and Level Annotations

Branches:
Dungeon (5/15)
 Temple: D:4-7

Altars:
Okawaru


Innate Abilities, Weirdness & Mutations

You have sharp claws.
You have razor-sharp teeth.
You have supernaturally acute eyesight. (SInv)
You cover ground quickly. (Speed+)
You are covered in fur. (AC +1)
Your paws help you pounce on unaware monsters.
You are incapable of wielding weapons or throwing items.
You cannot wear armour.
You gain extra lives every three experience levels.


Message History

You claw the orc!
You kill the orc!
You claw the orc!
You kill the orc!
You scratch the orc.
The orc is severely wounded.
The orc closely misses you.
You closely miss the orc.
The orc is severely wounded.
The orc closely misses you.
You scratch the orc.
The orc is almost dead.
The orc completely misses you.
You scratch the orc.
You kill the orc!
You now have 56 gold pieces (gained 16).
Items here: ))) ††.
Items here: ))) ††.
An orc comes into view. It is wielding a +0 flail.
You scratch the rat.
You kill the rat!
An orc comes into view. It is wielding a +0 club.
An orc priest comes into view. It is wielding a +3 dagger.
The orc priest shouts!
The orc closely misses you.
The orc priest mumbles some strange prayers to Beogh against you.
Beogh smites you!
The orc shouts!
You scratch the orc.
The orc is lightly wounded.
The orc completely misses you.
You completely miss the orc.
The orc is lightly wounded.
The orc hits you with a +0 club.
* * * LOW HITPOINT WARNING * * *
The orc closely misses you.
The orc priest mumbles some strange prayers to Beogh against you.
Beogh smites you!
Ouch! That really hurt!
You die...

*,,,,,* #............. *,,,,,*
*#............ *******,,,,,*
#............ ,,,,,,,,,,,,*
#..###)#..... ,,,,,,,,*****
*#†###.###### ,,,,,,,,*
############.........#
,,,,,,,,*
#...........#........#
,,,,,,,,*
#....................#
,,,,,,,,*
#...oo@..........#####*
*********
#......o.........#,,,,,
#...........#'##.#,,,,,
#############.##.#,,,,,
*********** #..#.#,,,,,
****,,,,,,,,,* *#.#,*,,,,,
*,,,,,,,,,,,,* **,*,***,,,
******,,,,,,,,,,,,* *,,,,**,,,,
*,,,,,,,,,,*****,****,,,,**,,,,


You could see an orc priest and 2 orcs.

Vanquished Creatures
  A worm (D:3)
  5 orcs (D:3)
  5 ball pythons
  7 bats
  7 endoplasms
  3 giant cockroaches
  6 goblins
  2 hobgoblins
  A quokka (D:1)
  3 frilled lizards (D:1)
  A kobold (D:1)
  5 rats
46 creatures vanquished.

Vanquished Creatures (others)
  A plant (D:1)
1 creature vanquished.

Grand Total: 47 creatures vanquished

Notes
Turn   | Place    | Note
-------+----------+-------------------------------------------
     0 | D:5      | croobank the Felid Delver began the quest for the Orb.
     0 | D:5      | Reached XP level 1. HP: 10/10 MP: 2/2
   342 | D:2      | Reached XP level 2. HP: 12/14 MP: 3/3
   928 | D:1      | Found a faded altar of an unknown god.
  1206 | D:1      | Reached XP level 3. HP: 17/17 MP: 4/4
  1659 | D:2      | Reached skill level 7 in Stealth
  2553 | D:3      | Found an iron altar of Okawaru.
  2608 | D:3      | Killed from afar by an orc priest

Illustrated notes

Levels and vault maps discovered:
D:1:      roderic_octagonal_star, layout_basic,
          shapermc_ecumenical_altar_mp_ritualfount
D:2:      layout_basic
D:3:      layout_basic, okawaru_ov_weapons_minmay
D:4:      layout_layer_cave, old_standard_altar, lemuel_crystal_altar,
          nicolae_overflow_crystal_walls, temple_hall, gammafunk_ghost_split,
          uniq_duvessa, uniq_ijyb, uniq_pikel
D:5:      layout_loops_cross, mainiacjoe_overflow_paths, minivault_14,
          uniq_crazy_yiuf_cottage

Skill      XL: |  1  2  3 |
---------------+----------+-----
Dodging        | 3 |  3.7
Stealth        | 7 |  7.1
Fighting       | |  3.5
Unarmed Combat | |  2.6

Action                   || total
-------------------------++-------
Melee: Unarmed           ||    99
       Punch             ||     2
       Bite              ||     4
  Use: Scroll            ||     2
       Potion            ||     1
 Stab: Sleeping          ||    19
Armor: Skin              ||     8
Dodge: Dodged            ||    55

Table legend: (Time is in decaauts)
 A = Elapsed time spent in this place.
 B = Non-inter-level travel time spent in this place.
 C = Inter-level travel time spent in this place.
 D = Time resting spent in this place.
 E = Time spent auto-exploring this place.
 F = Levels seen in this place.
 G = Mean time per level.
                   A        B        C        D        E       F      G
               +--------+--------+--------+--------+--------+-----+--------+
         Total |   2237 |   2115 |    122 |    540 |   1127 |   5 |  447.4 |
       Dungeon |   2237 |   2115 |    122 |    540 |   1127 |   5 |  447.4 |
               +--------+--------+--------+--------+--------+-----+--------+

Top non-repeatable levels by time:
     D:1: 921 daAuts
     D:2: 768 daAuts
     D:3: 488 daAuts
     D:5: 34 daAuts
     D:4: 25 daAuts
